 Dungeon Crawl Stone Soup version 0.29.1-4-g47bece8355 (webtiles) character file.

Game seed: 2476212219336666458

18 javelincjr the Magician (level 2, 0/21 HPs)
             Began as a Djinni Conjurer on Dec 9, 2022.
             Slain by an endoplasm (2 damage)
             ... on level 1 of the Dungeon.
             The game lasted 00:01:59 (530 turns).

javelincjr the Magician (Djinni Conjurer)            Turns: 530, Time: 00:01:59

Health: 0/21       AC:  2    Str:  6    XL:     2   Next: 90%
Gold:   39         EV: 12    Int: 19    God:
                   SH:  0    Dex: 11

rFire   + + .      SeeInvis .   i - +1 hand axe (flame)
rCold   x . .      Faith    .   (no shield)
rNeg    . . .      Spirit   .   a - +0 robe
rPois   ∞          Reflect  .   (no helmet)
rElec   .          Harm     .   (no cloak)
rCorr   .          Rampage  .   (no gloves)
Will    .....                   (boots unavailable)
Stlth   ++........              (no amulet)
HPRegen 0.07/turn               (no ring)
MPRegen 0.00/turn               (no ring)

@: flying
A: sickness immunity, fire resistance 2, cold vulnerability 1, float, innate
caster, HP casting, extra vitality 1
a: no special abilities


You were on level 1 of the Dungeon.
You visited 1 branch of the dungeon, and saw 1 of its levels.

You collected 39 gold pieces.

Inventory:

Hand Weapons
 f - a +0 dagger
 i - a +1 hand axe of flaming (weapon)
Armour
 a - a +0 robe (worn)
Magical Staves
 h - a staff of earth
Jewellery
 j - an amulet of reflection
Scrolls
 b - a scroll of fear {unknown}
 c - a scroll of enchant armour {unknown}
 e - a scroll of silence {unknown}
 g - a scroll of identify {unknown}
Potions
 d - 2 potions of mutation {unknown}


   Skills:
 + Level 2.4 Dodging
 + Level 1.6 Stealth
 + Level 3.7 Spellcasting


You couldn't memorise any spells.
You knew the following spells:

 Your Spells              Type           Power      Damage    Failure   Level
a - Magic Dart            Conj           68%        1d6       3%          1
b - Searing Ray           Conj           34%        2d5       4%          2
c - Dazzling Flash        Conj/Hex       34%        N/A       9%          3
d - Fulminant Prism       Conj/Hex       8%         3d7       30%         4
e - Iskenderun's Mystic   Conj/Tloc      17%        2d5       30%         4
Your spell library was empty.

Dungeon Overview and Level Annotations

Branches:
Dungeon (1/15)

Altars:


Innate Abilities, Weirdness & Mutations

You are immune to sickness and miasma.
You are immune to poison.
Your flesh is very heat resistant. (rF++)
You are vulnerable to cold. (rC-)
You float through the air rather than walking.
You learn spells naturally, not from books.
Your magical power is your life essence.
You have superior vitality. (+4 MHP)


Message History

The gnoll hits you with a +0 spear!
You hit the gnoll. You burn the gnoll.
You kill the gnoll!
The hobgoblin closely misses you.
You barely miss the hobgoblin. The hobgoblin barely misses you.
An endoplasm comes into view.
Casting: Magic Dart (safe; 3% risk of failure)
Confirm with . or Enter, or press ? or * to list all spells.
Aiming: Magic Dart (safe; 3% risk of failure)
Press: ? - help, Shift-Dir - straight line, f - hobgoblin
Aim: a hobgoblin (100% to hit)
The magic dart hits the hobgoblin.
The hobgoblin is severely wounded.
The endoplasm quivers.
* * * LOW HITPOINT WARNING * * *
The hobgoblin hits you.
* * * LOW HITPOINT WARNING * * *
The hobgoblin attacks as you move away! The hobgoblin barely misses you.
Things that are here:
a +0 spear; a gnoll corpse The hobgoblin attacks as you move away!
The hobgoblin hits you.
* * * LOW HITPOINT WARNING * * *
You closely miss the hobgoblin.
The hobgoblin is severely wounded.
The hobgoblin closely misses you.
You completely miss the hobgoblin.
The hobgoblin is severely wounded.
The hobgoblin closely misses you. x2
You hit the hobgoblin. You burn the hobgoblin.
You kill the hobgoblin!
A rat comes into view.
You closely miss the rat. The rat barely misses you.
You hit the rat. You burn the rat.
The rat is severely wounded.
The rat barely misses you. The rat bites you.
* * * LOW HITPOINT WARNING * * *
You hit the rat. You burn the rat.
You kill the rat!
You completely miss the endoplasm. The endoplasm hits you.
You die...

#.#
#...........#
#.# #......# #.#
#.###.######.
#.# #.#
#†....... ###.#
#.# #..#####.
..#.# #.# #).#
#.#.# #.#
#..###..$ ....#
#.###........
).######.#
#..J@........
.........#
#..###.##.#>.
.######### #..#
.# .# . .# #####
#..# .# #
.####...#####..#
.#
#.......)......#
..
##.............#
..
#.######.......#
.# #.........#


You could see an endoplasm.

Vanquished Creatures
  A gnoll (D:1)
  A bat (D:1)
  A giant cockroach (D:1)
  2 goblins (D:1)
  A hobgoblin (D:1)
  A frilled lizard (D:1)
  A rat (D:1)
8 creatures vanquished.

Notes
Turn   | Place    | Note
-------+----------+-------------------------------------------
     0 | D:1      | javelincjr the Djinni Conjurer began the quest for the Orb.
     0 | D:1      | javelincjr set off with the following spells memorised:
                  | Magic Dart, Searing Ray, Dazzling Flash, Fulminant Prism,
                  | Iskenderun's Mystic Blast.
     0 | D:1      | Reached XP level 1. HP: 15/15 MP: 0/0
   478 | D:1      | Reached XP level 2. HP: 20/21 MP: 0/0
   530 | D:1      | Slain by an endoplasm

Illustrated notes

Levels and vault maps discovered:
D:1:      dpeg_arrival_more_subterranean_lakeside_camping, layout_loops_ring,
          basic_ecumenical_altar

Action                   || total
-------------------------++-------
Melee: Dagger            ||    25
       Hand axe          ||    12
 Cast: Magic Dart        ||     6
Armor: Robe              ||    17
Dodge: Dodged            ||    30
